 Dungeon Crawl Stone Soup version 0.32-a0-918-g0f22ef8d61 (webtiles) character file.

Game seed: 18318642316327368590

364 porpoise the Poker (level 6, -6/48 HPs)
             Began as a Demonspawn Gladiator on Apr 11, 2024.
             Mangled by a gnoll
             ... wielding a +0 halberd
              (10 damage)
             ... on level 4 of the Dungeon.
             The game lasted 00:08:19 (2462 turns).

porpoise the Poker (Demonspawn Gladiator)           Turns: 2462, Time: 00:08:20

Health: -6/48      AC:  5    Str: 20      XL:     6   Next: 39%
Magic:  6/6        EV: 11    Int:  7      God:
Gold:   139        SH:  0    Dex: 13 (14) Spells: 5/5 levels left

rFire   + . .        a - +0 trident
rCold   . . .        (no shield)
rNeg    . . .        i - +0 leather armour
rPois   .            c - +0 helmet
rElec   .            (no cloak)
rCorr   .            (no gloves)
SInv    .            (no boots)
Will    .....        f - amulet of regeneration
Stlth   +            (no ring)
HPRegen 1.08/turn    (no ring)
MPRegen 0.10/turn

%: no passive effects
@: attractive
A: demonic guardian 1, sharp scales 1, weakness stinger 2, fire resistance 1,
strong 1
a: no special abilities


You were on level 4 of the Dungeon.
You visited 1 branch of the dungeon, and saw 4 of its levels.

You collected 139 gold pieces.

Inventory:

Hand Weapons
 a - a +0 trident (weapon)
 b - a +3 sling
 g - a +0 short sword of venom
 h - a +0 trident
 n - a +0 sling
 w - a +2 antimagic long sword
Missiles
 e - 3 javelins
 o - 4 boomerangs
 p - 11 poisoned darts
 t - 3 throwing nets (quivered)
Armour
 c - a +0 helmet (worn)
 i - a +0 leather armour (worn)
Jewellery
 f - an amulet of regeneration (around neck)
 s - a ring of fire
Wands
 d - a wand of flame (19)
Scrolls
 k - a scroll of poison {unknown}
 l - a scroll of fear
 m - a scroll of amnesia {unknown}
 q - a scroll of immolation
 r - a scroll of teleportation {unknown}
Potions
 j - 3 potions of curing


   Skills:
 + Level 4.2 Fighting
 * Level 5.6 Polearms
 - Level 1.7 Throwing
 - Level 2.6 Dodging


You had 5 spell levels left.
You didn't know any spells.
Your spell library contained the following spells:

 Spells                   Type           Power      Damage    Failure   Level
 Freeze                   Ice            0%         1d3       50%         1
 Frozen Ramparts          Ice            0%         1d1       86%         3
 Hailstorm                Conj/Ice       0%         3d5       86%         3


Dungeon Overview and Level Annotations

Branches:
Dungeon (4/15)
 Temple: D:4-7

Altars:
Dithmenos
Vehumet
Xom

Shops:
D:3 [

Annotations:
D:3 1 runed translucent door, Crazy Yiuf


Innate Abilities, Weirdness & Mutations

A weak demonic guardian rushes to your aid.
You are partially covered in razor-sharp scales. (AC +1, Slay +1)
You have a tail ending in a sharp stinger.
Your flesh is heat resistant. (rF+)
Your muscles are strong. (Str +4, Int/Dex -1)


Message History

The gnoll barely misses you. The gnoll hits you but does no damage.
You hit the gnoll.
The gnoll is severely wounded.
The kobold barely misses you. The endoplasm freezes you.
You are frozen.
The gnoll barely misses you. The gnoll misses you.
You hit the gnoll.
The gnoll is almost dead.
The kobold barely misses you. The endoplasm hits you.
A demonic guardian appears!
The gnoll hits you from afar with a +0 halberd.
* * * LOW HITPOINT WARNING * * *
The gnoll hits you but does no damage.
You puncture the gnoll!
You kill the gnoll!
The kobold closely misses you. The endoplasm freezes you.
You are frozen.
* * * LOW HITPOINT WARNING * * *
The gnoll hits you from afar with a +0 halberd.
* * * LOW HITPOINT WARNING * * *
You feel your strength returning.
It was a potion of attraction.
You feel attractive to monsters.
Your iron imp hits the endoplasm but does no damage.
The gnoll hits you from afar with a +0 halberd.
* * * LOW HITPOINT WARNING * * *
The kobold closely misses you.
The endoplasm hits you but does no damage.
It was a potion of mutation.
You feel extremely strange.
You feel resistant to heat.
You feel stronger. The endoplasm barely misses you.
The gnoll closely misses you.
The kobold hits you with a +0 short sword of protection.
* * * LOW HITPOINT WARNING * * *
Your iron imp hits the endoplasm.
The endoplasm dies!
You closely miss the kobold. You tail-slap the kobold.
You kill the kobold!
The gnoll hits you from afar with a +0 halberd!
You die...

....#.......... #...#......>
..g..........# #...#.......
.......#.....# #...........
.......#.....####...........
.......#....................
.##...g#...............#....
.....J.g.g.................)
.#########).5..........#...#
#)@....###....#...#
#......###....##...
#..................
###................
#.......#........
..........#.......#
........###........
.........# #........
#......... .........


You could see a gnoll (ally target) and a friendly iron imp (summoned).

Vanquished Creatures
  A bombardier beetle (D:3)
  An orc priest (D:3)
  Ijyb (D:4)
  Natasha (D:4)
  2 orc wizards (D:4)
  6 adders
  3 gnolls (D:4)
  3 dart slugs
  A ribbon worm (D:3)
  3 orcs
  11 ball pythons
  4 bats
  8 endoplasms
  3 giant cockroaches
  9 goblins
  3 hobgoblins
  4 quokkas
  5 frilled lizards
  9 kobolds
  3 rats
81 creatures vanquished.

Vanquished Creatures (collateral kills)
  An orc priest (D:3)
  An endoplasm (D:4)
  A frilled lizard (D:3)
3 creatures vanquished.

Grand Total: 84 creatures vanquished

Notes
Turn   | Place    | Note
-------+----------+-------------------------------------------
     0 | D:1      | porpoise the Demonspawn Gladiator began the quest for the
                  | Orb.
     0 | D:1      | Reached XP level 1. HP: 16/16 MP: 1/1
    66 | D:1      | Reached skill level 3 in Polearms
   126 | D:1      | Gained mutation: You have a small tail. [demonic ancestry]
   126 | D:1      | Reached XP level 2. HP: 22/22 MP: 2/2
   508 | D:1      | Gained mutation: A weak demonic guardian rushes to your
                  | aid. [demonic ancestry]
   508 | D:1      | Reached XP level 3. HP: 28/28 MP: 3/3
  1203 | D:3      | Reached skill level 4 in Polearms
  1203 | D:3      | Reached XP level 4. HP: 34/35 MP: 4/4
  1303 | D:3      | Found a runed translucent door.
  1304 | D:3      | Noticed Crazy Yiuf
  1530 | D:3      | Found a radiant altar of Vehumet.
  1534 | D:3      | Found a shadowy altar of Dithmenos.
  1541 | D:3      | Found a shimmering altar of Xom.
  1656 | D:3      | Gained mutation: You have a tail ending in a sharp stinger.
                  | [demonic ancestry]
  1656 | D:3      | Reached XP level 5. HP: 14/41 MP: 5/5
  1687 | D:3      | Found Pacif's Antique Armour Emporium.
  2079 | D:4      | Reached skill level 5 in Polearms
  2152 | D:4      | Noticed Ijyb
  2161 | D:4      | Killed Ijyb
  2290 | D:4      | Noticed Natasha
  2307 | D:4      | Killed Natasha
  2308 | D:4      | Gained mutation: You are partially covered in razor-sharp
                  | scales. (AC +1, Slay +1) [demonic ancestry]
  2308 | D:4      | Reached XP level 6. HP: 31/48 MP: 6/6
  2461 | D:4      | Gained mutation: Your flesh is heat resistant. (rF+)
                  | [potion of mutation]
  2461 | D:4      | Gained mutation: Your muscles are strong. (Str +4, Int/Dex
                  | -1) [potion of mutation]
  2462 | D:4      | Mangled by a gnoll

Illustrated notes

Levels and vault maps discovered:
D:1:      roadster_arrival_rocket_small, layout_loops_ring
D:2:      layout_basic
D:3:      layout_rooms, grunt_temple_overflow_diamond, serial_shops,
          nicolae_shop_waterfront, uniq_crazy_yiuf_cottage
D:4:      layout_basic, uniq_natasha, uniq_sigmund, uniq_ijyb, uniq_edmund

Skill      XL: |  1  2  3  4  5 |
---------------+----------------+-----
Polearms       | 3 4 5 |  5.6
Fighting       | 3 4 |  4.2
Throwing       | |  1.7
Dodging        | |  2.6

Action                     |  1- 3 |  4- 6 || total
---------------------------+-------+-------++-------
  Melee: Trident           |   102 |   143 ||   245
         Tailslap          |     4 |    17 ||    21
   Fire: Sling             |    30 |       ||    30
  Throw: Throwing net      |       |     3 ||     3
    Use: Scroll            |     1 |     1 ||     2
         Potion            |       |     7 ||     7
   Stab: Sleeping          |     4 |       ||     4
         Held in net/web   |       |     1 ||     1
 Armour: Leather armour    |    45 |   107 ||   152
  Dodge: Dodged            |    54 |    65 ||   119

Table legend: (Time is in decaauts)
 A = Elapsed time spent in this place.
 B = Non-inter-level travel time spent in this place.
 C = Inter-level travel time spent in this place.
 D = Time resting spent in this place.
 E = Time spent auto-exploring this place.
 F = Levels seen in this place.
 G = Mean time per level.
                   A        B        C        D        E       F      G
               +--------+--------+--------+--------+--------+-----+--------+
         Total |   2488 |   2348 |    140 |    308 |   1363 |   4 |  622.0 |
       Dungeon |   2488 |   2348 |    140 |    308 |   1363 |   4 |  622.0 |
               +--------+--------+--------+--------+--------+-----+--------+

Top non-repeatable levels by time:
     D:3: 880 daAuts
     D:1: 738 daAuts
     D:4: 442 daAuts
     D:2: 428 daAuts
